AoeStats
← DS_Kvothe

Arabia

509765491Analyzed
1v1 RM · 4d ago on Sep 27, 2026· 35m 22s· 2 players
Game mode
Random Map
Map size
Tiny (2 player)
Population
200
Speed
Normal
Resources
Standard
Victory
Conquest
Starting age
Dark Age
Ending age
Imperial Age
RankedLock teamsTeams togetherTeam positionsShared explorationLock speedFull tech treeHidden civsTurbo modeCheats
Victory
Defeat
🇦🇷 Byzantines · Argentina
1936
+11
🇦🇷 Bengalis · Argentina
1815
-11
XEVER | Rorro Pirroro
6:43 Loom
9:14 Feudal Age
9:57 Double-Bit Axe
16:33 Fletching
19:00 Scale Barding Armor
21:27 Castle Age
19:48 Horse Collar
21:26 Padded Archer Armor
22:12 Bodkin Arrow
22:00 Crossbowman
29:01 Bow Saw
29:56 Ballistics
33:02 Wheelbarrow
DS_Kvothe
8:20 Loom
10:55 Feudal Age
11:22 Double-Bit Axe
11:18 Horse Collar
18:56 Castle Age
17:31 Padded Archer Armor
18:12 Fletching
19:12 Elite Skirmisher
19:48 Bodkin Arrow
20:41 Bow Saw
23:51 Leather Archer Armor
26:37 Scale Barding Armor
30:45 Coinage
30:38 Chain Barding Armor
31:38 Wheelbarrow
31:33 Ballistics
31:20 Husbandry
37:26 Imperial Age
Connection lost

Rejoining the realm…

Still unreachable

The connection could not be restored.

Session expired

The server has moved on; the page needs a fresh start.